 Dungeon Crawl Stone Soup version 0.28-a0-407-g69098e2f6d (webtiles) character file.

Game seed: 1332979894400276163

388 Mesmaeker13 the Caller (level 7, -2/36 HPs)
             Began as a Kobold Summoner on Sept 5, 2021.
             Slain by a black bear (5 damage)
             ... on level 4 of the Dungeon.
             The game lasted 00:07:15 (5610 turns).

Mesmaeker13 the Caller (Kobold Summoner)            Turns: 5610, Time: 00:07:15

Health: -2/36      AC:  6    Str:  6    XL:     7   Next: 7%
Magic:  4/13       EV: 15    Int: 18    God:
Gold:   216        SH:  0    Dex: 15    Spells: 4/14 levels left

rFire   . . .      SeeInvis .   k - +0 dagger (venom)
rCold   . . .      Faith    .   (shield restricted)
rNeg    . . .      Spirit   .   a - +0 robe
rPois   +          Reflect  .   (no helmet)
rElec   .          Harm     .   (no cloak)
rCorr   .          Rampage  .   (no gloves)
Will    .....                   (no boots)
Stlth   +++.......              (no amulet)
HPRegen 0.12/turn               f - +4 ring of protection
MPRegen 0.13/turn               t - ring of poison resistance

@: no status effects
A: small, no large weapons, nightstalker 3
a: no special abilities


You were on level 4 of the Dungeon.
You visited 1 branch of the dungeon, and saw 4 of its levels.

You collected 216 gold pieces.

Inventory:

Hand Weapons
 d - a +0 long sword
 k - a +0 dagger of venom (weapon)
 m - a +0 spear
Armour
 a - a +0 robe (worn)
 g - a +0 buckler
Jewellery
 e - an amulet of faith
 f - a +4 ring of protection (left hand)
 t - a ring of poison resistance (right hand)
Scrolls
 c - 2 scrolls of teleportation {unknown}
 h - a scroll of summoning {unknown}
 j - 4 scrolls of identify {unknown}
 r - a scroll of immolation {unknown}
 s - a scroll of fear {unknown}
 u - a scroll of holy word {unknown}
Potions
 b - 2 potions of heal wounds
 i - 3 potions of might {unknown}
 l - 2 potions of curing {unknown}
 n - a potion of mutation {unknown}
 o - a potion of ambrosia {unknown}
 p - a potion of cancellation {unknown}
 q - 2 potions of berserk rage {unknown}


   Skills:
 - Level 3.2 Dodging
 - Level 2.6 Stealth
 + Level 2.4 Shields
 + Level 4.3 Spellcasting
 + Level 5.4 Summonings
 + Level 1.4 Air Magic


You had 4 spell levels left.
You knew the following spells:

 Your Spells              Type           Power      Damage    Failure   Level
a - Summon Small Mammal   Summ           92%        N/A       1%          1
b - Call Imp              Summ           23%        N/A       2%          2
c - Call Canine Familiar  Summ           23%        N/A       4%          3
d - Summon Lightning Spi  Summ/Air       16%        N/A       34%         4

Your spell library contained the following spells:

 Spells                   Type           Power      Damage    Failure   Level
 Foxfire                  Conj/Fire      12%        2x1d4     14%         1
 Summon Guardian Golem    Hex/Summ       13%        N/A       14%         3
 Blink                    Tloc           N/A        N/A       22%         2
 Conjure Flame            Conj/Fire      3%         6-21      41%         3
 Dazzling Flash           Conj/Hex       6%         N/A       41%         3
 Inner Flame              Hex/Fire       3%         N/A       41%         3
 Lesser Beckoning         Tloc           3%         N/A       41%         3
 Flame Wave               Conj/Fire      3%         3d3       82%         4
 Iskenderun's Mystic Bla  Conj/Tloc      3%         2d3       82%         4
 Manifold Assault         Tloc           3%         N/A       99%         5
 Starburst                Conj/Fire      1%         6d3       100%        6


Dungeon Overview and Level Annotations

Branches:
Dungeon (4/15)
 Temple: D:4-7

Altars:
Trog


Innate Abilities, Weirdness & Mutations

You are small and have problems with some larger weapons.
You are completely attuned to the shadows.


Message History

The black bear claws you but does no damage. x2
Your crimson imp hits the black bear but does no damage.
You hit the black bear but do no damage.
The black bear looks as sick as possible!
The black bear is moderately wounded.
The black bear bites you. The black bear completely misses you.
The black bear claws you.
Your crimson imp hits the black bear but does no damage.
The black bear bites your crimson imp but does no damage.
The black bear misses your crimson imp.
The black bear completely misses your crimson imp.
Your crimson imp blinks!
A phantom comes into view.
Your crimson imp blinks!
The black bear goes berserk!
The phantom hits you but does no damage.
The black bear completely misses you. The black bear closely misses you.
The black bear claws you. The black bear misses you.
The black bear closely misses you.
The black bear claws you but does no damage.
The black bear barely misses you. x3
The black bear barely misses you. The black bear closely misses you.
The black bear claws you but does no damage.
The black bear barely misses you. The black bear closely misses you.
The black bear misses you.
The black bear bites you but does no damage.
The black bear claws you. The black bear completely misses you.
You hit the black bear.
The black bear looks even sicker.
The black bear is almost dead.
The black bear misses you. x2; The black bear claws you.
You barely miss the black bear.
The black bear is almost dead.
The black bear bites you! The black bear claws you. x2
* * * LOW HITPOINT WARNING * * *
The black bear barely misses you. The black bear claws you.
* * * LOW HITPOINT WARNING * * *
The black bear claws you but does no damage.
The black bear rages.
The black bear completely misses you. The black bear claws you.
You die...

.#.........# #.#############
.#......#######.............#
..............#.##########.##
..............'....# #.#
#.............##.#.# #.#
##..###.......##.#.# #.#
##..# #.......##.#.# #.#
###.###.......##.#.#######.##
# #..##.......##@#.##.......#
####.##.......##h#.##.#######
...............W.#.##.#
####.5############.##.#
......####### #....##.#
............# #.# #.#
.......5....# #.# #.#
............# #.# #.#######
...........# #.# #.†.....#


You could see a phantom and a black bear (berserk, very poisoned).

Vanquished Creatures
  2 killer bees (D:4)
  An orc wizard (D:3)
  A worm (D:3)
  2 dart slugs (D:4)
  7 orcs
  An endoplasm (D:2)
  A giant cockroach (D:2)
  7 goblins
  5 hobgoblins
  3 jackals (D:2)
  4 quokkas
  4 ball pythons
  5 bats
  6 frilled lizards
  9 kobolds
  4 rats
62 creatures vanquished.

Vanquished Creatures (collateral kills)
  A killer bee (D:4)
  2 orc priests
  3 orc wizards
  2 orcs
  3 bats (D:1)
  3 goblins
  A hobgoblin (D:1)
  3 jackals (D:1)
  A kobold (D:1)
  A quokka (D:1)
  A ball python (D:1)
  A frilled lizard (D:1)
22 creatures vanquished.

Grand Total: 84 creatures vanquished

Notes
Turn   | Place    | Note
-------+----------+-------------------------------------------
     0 | D:1      | Mesmaeker13 the Kobold Summoner began the quest for the
                  | Orb.
     0 | D:1      | Reached XP level 1. HP: 10/10 MP: 3/3
   776 | D:1      | Reached XP level 2. HP: 15/15 MP: 1/5
  1290 | D:1      | Found a faded altar of an unknown god.
  1408 | D:1      | Reached XP level 3. HP: 19/19 MP: 4/7
  1929 | D:2      | Learned a level 2 spell: Call Imp
  2113 | D:2      | Reached XP level 4. HP: 23/24 MP: 8/8
  2246 | D:3      | Learned a level 3 spell: Call Canine Familiar
  2321 | D:3      | Found a bloodstained altar of Trog.
  2858 | D:4      | Reached skill level 1 in Shields
  2858 | D:4      | Reached XP level 5. HP: 23/28 MP: 8/10
  3189 | D:4      | Reached skill level 5 in Summonings
  3359 | D:4      | Reached XP level 6. HP: 32/32 MP: 9/11
  3726 | D:4      | Noticed a black bear
  3743 | D:4      | Learned a level 4 spell: Summon Lightning Spire
  4194 | D:3      | Reached skill level 1 in Air Magic
  5274 | D:4      | Reached XP level 7. HP: 12/36 MP: 6/13
  5610 | D:4      | Slain by a black bear

Illustrated notes

Levels and vault maps discovered:
D:1:      giann_horns, layout_basic, chequers_ecumenical_altar_grove
D:2:      cheibrodos_pilgrimage, layout_rooms
D:3:      layout_loops_ring, nicolae_overflow_crystal_walls
D:4:      layout_basic

Skill      XL: |  1  2  3  4  5  6 |
---------------+-------------------+-----
Dodging        | 3 |  3.2
Spellcasting   | 3 4 |  4.3
Shields        | 1 2 |  2.4
Summonings     | 5 |  5.4
Air Magic      | 1 |  1.4
Stealth        | |  2.6

Action                   |  1- 3 |  4- 6 |  7- 9 || total
-------------------------+-------+-------+-------++-------
Melee: Unarmed           |    26 |       |       ||    26
       Flail             |    17 |       |       ||    17
       Dagger            |    75 |   131 |     4 ||   210
 Cast: Summon Small Mamm |    32 |     2 |       ||    34
       Call Imp          |     2 |     4 |     6 ||    12
       Call Canine Famil |       |     9 |     1 ||    10
  Use: Potion            |       |     1 |       ||     1
 Stab: Distracted        |     1 |       |       ||     1
       Sleeping          |    17 |    10 |       ||    27
Armor: Robe              |    34 |    34 |    13 ||    81
Dodge: Dodged            |   121 |    84 |    32 ||   237

Table legend: (Time is in decaauts)
 A = Elapsed time spent in this place.
 B = Non-inter-level travel time spent in this place.
 C = Inter-level travel time spent in this place.
 D = Time resting spent in this place.
 E = Time spent auto-exploring this place.
 F = Levels seen in this place.
 G = Mean time per level.
                   A        B        C        D        E       F      G
               +--------+--------+--------+--------+--------+-----+--------+
         Total |   5616 |   5468 |    148 |   1576 |   2877 |   4 | 1404.0 |
       Dungeon |   5616 |   5468 |    148 |   1576 |   2877 |   4 | 1404.0 |
               +--------+--------+--------+--------+--------+-----+--------+

Top non-repeatable levels by time:
     D:1: 1880 daAuts
     D:4: 1658 daAuts
     D:3: 1345 daAuts
     D:2: 732 daAuts
